[Event "Early-Titled-Tuesday-Blitz-April-16-2024"]
[Site "Chess.com"]
[Date "2024.04.16"]
[Round "9"]
[White "h4parah5"]
[Black "HansOnTwitch"]
[Result "1/2-1/2"]
[WhiteElo "3014"]
[BlackElo "3153"]
[TimeControl "180+1"]
[EndTime "9:50:25 PDT"]
[Termination "Game drawn by repetition"]

1. e4 c5 2. Nf3 d6 3. d4 cxd4 4. Nxd4 Nf6 5. Nc3 a6 6. Be3 e5 7. Nb3 Be6 8. Qd2 Be7 9. O-O-O Nbd7 10. h3 Rc8 11. g4 h6 12. Kb1 b5 13. f4 Qc7 14. Qg2 Nb6 15. g5 hxg5 16. fxg5 Nh5 17. g6 f6 18. Qf2 Nc4 19. Bc1 Nf4 20. Bxf4 Nxb2 21. Bc1 Nxd1 22. Nxd1 d5 23. exd5 Bxd5 24. Bg2 Bxg2 25. Qxg2 Qc6 26. Qxc6+ Rxc6 27. Ne3 Rh5 28.
Nd2 f5 29. Nf3 Bf6 30. Nd5 e4 31. Ne1 Rd6 32. Nf4 Rh8 33. Neg2 Kd7 34. Ne3 Be5 35. Nxf5 Bxf4 36. Bxf4 Rxg6 37. Rd1+ Ke6 38. Ne3 Rxh3 39.
Rd6+ Kf7 40. Rd7+ Kg8 41. Re7 Rf6 42. Bg5 Rg6 43. Bf4 Rg1+ 44. Kb2 Re1 45. Nf5 Rf3 46. Rxg7+ Kf8 47. Bd6+ Ke8 48. Nd4 Rf7 49. Rg6 e3 50.
Bb4 Rd1 51. Ne2 Rf3 52. Nc3 Rdf1 53. Rxa6 Kf7 54. Ra5 Rf5 55. Rxb5 Rxb5 56. Nxb5 e2 57. Nd4 e1=Q 58. Bxe1 Rxe1 59. a4 Ke7 60. Kc3 Kd6 61. Nb3 Kc6 62. Kb4 Re4+ 63. c4 Re8 64.
Na5+ Kb6 65. Nb3 Ka6 66. Nc5+ Ka7 67. a5 Rb8+ 68. Ka4 Rc8 69. Kb4 Rb8+ 70. Ka4 Rh8 71. Kb5 Rh5 72. Kb4 Rh1 73. Ka4 Rb1 74. Nb3 Ra1+ 75.
Kb4 Rh1 76. Kb5 Rh8 77. Nc5 Rb8+ 78. Ka4 1/2-1/2

[Event "Early-Titled-Tuesday-Blitz-April-16-2024"]
[Site "Chess.com"]
[Date "2024.04.16"]
[Round "9"]
[White "ValentunHulka"]
[Black "Nf3c5"]
[Result "0-1"]
[WhiteElo "2788"]
[BlackElo "2633"]
[TimeControl "180+1"]
[EndTime "9:50:25 PDT"]
[Termination "Nf3c5 won by checkmate"]

1. d4 Nf6 2. c4 g6 3. Nc3 Bg7 4. g3 O-O 5. Bg2 d6 6. h3 c6 7. e4 Qa5 8. Ne2 e5 9. O-O exd4 10. Nxd4 Qc5 11. Nb3 Qb4 12. Bf4 Ne8 13. Rc1 Nd7 14. a3 Qxc4 15. Re1 Qe6 16. Qd2 Ne5 17.
Nd4 Qe7 18. Qe2 Be6 19. Nxe6 Qxe6 20. Rcd1 Nc7 21. Bg5 h6 22. Be3 Nc4 23. Bc1 Rad8 24. Qc2 Rfe8 25. Kf1 b5 26. b3 Ne5 27. f4 Nd7 28. Nd5 cxd5 29. exd5 Qf6 30. Qxc7 Nc5 31. b4 Rxe1+ 32. Rxe1 Nd3 33. Re7 Rf8 34. Bd2 Qd4 35. Re2 Qa1+ 36. Be1 Nxe1 37. Rxe1 Qxa3 38. Qxd6 Qxg3 39. Qc7 Bd4 40. Re2 Be3 41. Qc3 Bxf4 42. Qxg3 Bxg3 43. Re7 Ra8 44. d6 Rd8 45. d7 Kf8 46. Re3 Bd6 47. Bc6 Bxb4 48. Rb3 a5 49. Bxb5 Ke7 50. Re3+ Kd6 51. Re8 Kc7 52. Ba4 h5 53. Kg2 Bd6 54. Kf3 f6 55. Ke4 Be5 56. Kd5 g5 57. Ke6 g4 58. hxg4 hxg4 59. Ke7 Bd6+ 60.
Ke6 g3 61. Rxd8 Kxd8 62. Bc6 a4 63. Kxd6 a3 64. Bd5 a2 65. Bxa2 g2 66. Bd5 g1=Q 67.
Ke6 Qb6+ 68. Kf5 Qd6 69. Be4 Qe5+ 70. Kg6 Qxe4+ 71. Kf7 Kxd7 72. Kf8 f5 73. Kg8 f4 74. Kg7 f3 75. Kf7 f2 76. Kg8 f1=Q 77. Kh8 Qeg2 78. Kh7 Qfh1# 0-1

[Event "Early-Titled-Tuesday-Blitz-April-16-2024"]
[Site "Chess.com"]
[Date "2024.04.16"]
[Round "9"]
[White "stolencandy13"]
[Black "MdChess1734"]
[Result "1-0"]
[WhiteElo "2563"]
[BlackElo "2370"]
[TimeControl "180+1"]
[EndTime "9:50:26 PDT"]
[Termination "stolencandy13 won on time"]

1. d4 Nf6 2. Bf4 e6 3. e3 b6 4. Nf3 Bb7 5. Bd3 Be7 6. O-O O-O 7. c4 c5 8. h3 d6 9. Nc3 Nbd7 10. Re1 a6 11. a4 Re8 12. Qc2 Bf8 13. Rad1 Qc8 14. Bh2 Bxf3 15. gxf3 e5 16. Kh1 g6 17. d5 Bg7 18.
Rg1 Nf8 19. Rg3 Nh5 20. Rg4 f5 21. Rg5 Qd8 22. Rdg1 Kh8 23. Bxf5 Qf6 24. Ne4 Qe7 25. Bg4 Nf6 26. Be6 Nxe4 27. Qxe4 Nxe6 28. dxe6 Qxe6 29.
R5g4 Rab8 30. Rh4 Kg8 31. f4 exf4 32. Qxe6+ Rxe6 33. Rxf4 Bxb2 34. Rb1 Bc3 35. Rg4 Bb4 36. Rgg1 b5 37. axb5 axb5 38. cxb5 Rxb5 39. Rgd1 Rb6 40. Kg2 c4 41. Rd4 d5 42. Rxd5 Rec6 43. Rdd1 c3 44.
Rdc1 c2 45. Rb2 Bd2 46. Rxb6 Rxb6 47. Rxc2 Bb4 48. Rc8+ Kg7 49. Be5+ Kh6 50. Bd4 Rb7 51. Rc6 Ba5 52. Be5 Bb4 53. Bf4+ Kh5 54. Rc4 g5 55.
Be5 h6 56. Bg3 Be7 57. Rd4 Bf6 58. Rd5 Kg6 59. h4 Re7 60. hxg5 hxg5 61. Kf3 Re6 62. Rb5 Be7 63. Kg4 Rf6 64. f3 Re6 65. e4 Bf6 66. Bf2 Be7 67. Be3 Rc6 68. Bxg5 Bf8 69. Bf4 Rc1 70.
Bxc1 1-0

[Event "Early-Titled-Tuesday-Blitz-April-16-2024"]
[Site "Chess.com"]
[Date "2024.04.16"]
[Round "9"]
[White "vladgoncharov"]
[Black "HamedWafa4"]
[Result "1/2-1/2"]
[WhiteElo "2619"]
[BlackElo "2787"]
[TimeControl "180+1"]
[EndTime "9:50:29 PDT"]
[Termination "Game drawn - insufficient material"]

1. d4 Nf6 2. c4 e6 3. Nc3 Bb4 4. e3 O-O 5. Bd3 c5 6. Ne2 cxd4 7. exd4 d5 8. O-O dxc4 9. Bxc4 b6 10. Bg5 h6 11. Bf4 Bb7 12. Qd3 Nc6 13. Rad1 Bd6 14. Qh3 Bxf4 15. Nxf4 Nxd4 16. Qe3 Qc7 17. Qxd4 e5 18. Nfd5 Nxd5 19. Nxd5 exd4 20. Nxc7 Rac8 21. Ne6 Rfe8 22. Rxd4 fxe6 23. Re1 Bd5 24. Ba6 Rcd8 25. Red1 Rb8 26. Bc4 Bxc4 27. Rxc4 Rbc8 28. Rxc8 Rxc8 29. g3 Rc2 30. Rd8+ Kh7 31. Rd7 a5 32. a4 Rxb2 33. Rd6 e5 34. Re6 Rb4 35. h4 h5 36. Kg2 e4 37.
Kf1 Kg8 38. Ke2 Kf7 39. Rc6 Rb3 40. Kd2 g6 41. Ke2 b5 42. axb5 Rxb5 43. Ra6 Rb2+ 44. Ke3 Ra2 45. Kxe4 a4 46. f3 Ra3 47. Kf4 Kg7 48.
Ra7+ Kh6 49. Ra6 Ra1 50. g4 hxg4 51. fxg4 a3 52. Kg3 a2 53. Kh2 Kg7 54. Kg2 Kf7 55.
Kh2 Ke7 56. Kg2 Kd7 57. Kh2 Kc7 58. h5 gxh5 59. gxh5 Kb7 60. Ra3 Rb1 61. Rxa2 Rb5 62. Kg3 Rxh5 63. Kf4 Rh4+ 64. Ke5 Kc6 65. Rd2 Rh5+ 66.
Ke4 Rh4+ 67. Ke5 Rh1 68. Ke4 Re1+ 69. Kd4 Rh1 70. Ke5 Rh4 71. Kf5 Kc5 72. Ke5 Rh5+ 73. Kf4 Rd5 74. Rxd5+ Kxd5 1/2-1/2

[Event "Early-Titled-Tuesday-Blitz-April-16-2024"]
[Site "Chess.com"]
[Date "2024.04.16"]
[Round "9"]
[White "Hikaru"]
[Black "Oleksandr_Bortnyk"]
[Result "1-0"]
[WhiteElo "3266"]
[BlackElo "3045"]
[TimeControl "180+1"]
[EndTime "9:50:30 PDT"]
[Termination "Hikaru won on time"]

1. d4 Nf6 2. Bg5 b6 3. Nf3 Bb7 4. Bxf6 exf6 5. e3 g6 6. g3 Bh6 7. Bg2 O-O 8. c4 Nc6 9. Nc3 Re8 10. O-O f5 11. a3 a5 12. Ne1 Qc8 13. Nd3 d6 14. Qa4 Ne7 15. Qd1 Bg7 16. Rc1 h5 17.
h4 Bh6 18. Nb5 Rd8 19. Re1 Bg7 20. Nf4 c6 21. Nc3 Qd7 22. Qe2 Ba6 23. b3 d5 24.
Qa2 dxc4 25. bxc4 Rab8 26. Red1 Qc7 27. a4 Nc8 28. Qb3 Kh7 29. Qa2 Bf8 30. d5 c5 31.
Nd3 Bg7 32. Nb1 Nd6 33. Na3 Re8 34. Re1 Bf6 35. Nf4 Re7 36. Bf3 Be5 37. Kg2 Rbe8 38. Nd3 Bf6 39. Qb3 Kg7 40. Rb1 Rb8 41. Nf4 Kh7 42. Qc2 Be5 43. Nd3 Bf6 44. Rb3 Kg7 45.
Reb1 Ree8 46. Nf4 Be5 47. Ne2 Re7 48. Nc1 Ree8 49. Nd3 Bf6 50. Be2 Ne4 51. Bd1 Re7 52.
Nb5 Bxb5 53. Rxb5 Nc3 54. Bf3 Nxb1 55. Qxb1 Ree8 56. Ne1 Bc3 57. Nd3 Qd6 58. Rb3 Bb4 59.
Qc2 Qf6 60. Nf4 Rbd8 61. Bxh5 Qa1 62. Rb1 Qc3 63. Qxc3+ Bxc3 64. Be2 Rd6 65. Nd3 Re4 66. Nc1 Bd2 67. Nb3 Bb4 68. Bd3 Re8 69. Nc1 Re7 70. Ne2 Re8 71. Nf4 Rh8 72. Kf3 Kf6 73. Kg2 Rdd8 74.
Nh3 Rd6 75. Ng5 Rdd8 76. Rh1 Rd6 77. f4 Bd2 78. e4 Rdd8 79. e5+ Kg7 80. e6 fxe6 81.
Nxe6+ Kf6 82. Nxd8 Rxd8 83. h5 g5 84. fxg5+ Kxg5 85. h6 f4 86. h7 fxg3 87. h8=Q 1-0

[Event "Early-Titled-Tuesday-Blitz-April-16-2024"]
[Site "Chess.com"]
[Date "2024.04.16"]
[Round "9"]
[White "AnishOnYoutube"]
[Black "OparinGrigoriy"]
[Result "1-0"]
[WhiteElo "3063"]
[BlackElo "2993"]
[TimeControl "180+1"]
[EndTime "9:50:31 PDT"]
[Termination "AnishOnYoutube won by resignation"]

1. Nf3 Nf6 2. c4 e6 3. g3 d5 4. Bg2 dxc4 5. Qa4+ Bd7 6. Qxc4 c5 7. Ne5 Qc8 8. Qd3 Nc6 9. Nxd7 Nxd7 10. b3 Be7 11. Bb2 O-O 12. Nc3 Rd8 13. Rc1 Nf6 14. Qb1 Qd7 15.
d3 Rac8 16. O-O h6 17. Rfd1 b6 18. e3 Nd5 19. Rd2 Nxc3 20. Bxc3 Bf8 21. Qa1 Ne7 22. Bb2 b5 23. Be4 Nd5 24. Qb1 a6 25. d4 c4 26.
bxc4 Rxc4 27. Rdc2 Rdc8 28. Bd3 Rxc2 29. Rxc2 Rxc2 30. Bxc2 Qc7 31. Bb3 Nb6 32. Qc2 Nc4 33. h4 Qc6 34. a4 Bb4 35. axb5 axb5 36. Bc1 Bf8 37. e4 Qb7 38. Qd3 h5 39. Bf4 g6 40.
d5 exd5 41. exd5 Nd6 42. Qc2 Qd7 43. Kg2 Qf5 44. Qxf5 Nxf5 45. Bc2 Nd6 46. Kf3 Be7 47. Ke3 b4 48. Kd3 Kf8 49. Bh6+ Ke8 50. Ba4+ Kd8 51. Bd2 Nb7 52. Kc4 Nd6+ 53. Kb3 Ne4 54. Be3 Bc5 55. Bxc5 Nxc5+ 56. Kxb4 Nd3+ 57. Kc4 Nxf2 58. Kd4 Nh1 59. Ke5 Nxg3 60. Kf6 Ne4+ 61. Kxf7 g5 62. Bc2 Nd6+ 63. Ke6 Nb5 64. hxg5 Nd4+ 65. Kf7 Nxc2 66. g6 Nd4 67. g7 Kd7 68. g8=Q 1-0

[Event "Early-Titled-Tuesday-Blitz-April-16-2024"]
[Site "Chess.com"]
[Date "2024.04.16"]
[Round "9"]
[White "alexrustemov"]
[Black "Kildepiotr"]
[Result "1/2-1/2"]
[WhiteElo "2841"]
[BlackElo "2708"]
[TimeControl "180+1"]
[EndTime "9:50:32 PDT"]
[Termination "Game drawn by repetition"]

1. d4 Nf6 2. c4 e6 3. Nf3 b6 4. a3 Bb7 5. Nc3 d5 6. Bg5 Nbd7 7.
cxd5 exd5 8. e3 h6 9. Bh4 a6 10. Bd3 Bd6 11. Qc2 O-O 12. O-O Re8 13. b4 c5 14. bxc5 bxc5 15. dxc5 Nxc5 16. Bf5 Be7 17. Rfd1 Qa5 18. Nd4 Rad8 19. h3 Nfe4 20. Bxe7 Rxe7 21. Nce2 Qc7 22. Rac1 Qe5 23. Bxe4 Nxe4 24. Nf3 Qf6 25. Ned4 Rc8 26. Qb2 Rec7 27. Rxc7 Rxc7 28. Rc1 Qd8 29. Rxc7 Qxc7 30. g3 Bc8 31. Kg2 g5 32. Qc2 Qxc2 33. Nxc2 a5 34. Nfd4 Kf8 35. Nb3 a4 36. Nbd4 Bd7 37.
Nb4 Nc3 38. h4 Ke7 39. hxg5 hxg5 40. Kf1 Kd6 41. Ke1 f6 42. Nd3 Nb1 43. Nc2 Bb5 44. Ndb4 Bc4 45. Kd1 Ke5 46. Kc1 Nc3 47. Kd2 Ne4+ 48.
Ke1 g4 49. Nc6+ Kd6 50. N6d4 Nc3 51. Kd2 Ne4+ 52. Ke1 Nc5 53. Nf5+ Ke5 54. Nh6 f5 55. Nd4 Bd3 56. Kd2 Be4 57. Nf7+ Kf6 58. Nd6 Nd3 59.
Ke2 Nb2 60. N6b5 Nc4 61. Nc3 Nxa3 62. Nxa4 Nc4 63. Nc3 Ke5 64. Ke1 Nb2 65. Nce2 Nd3+ 66. Kf1 Bf3 67. Nf4 Be4 68. Nxd3+ Bxd3+ 69. Ke1 Ke4 70. Ne6 Bc4 71. Kd2 Kf3 72. Ke1 Ke4 73. Nd4 Bd3 74.
Nb3 Bc4 75. Nd2+ Kd3 76. Kd1 Kc3 77. Ke1 Kd3 78. Kd1 Kc3 79. Nb1+ Kd3 80. Na3 Bb3+ 81. Ke1 Ba4 82. Nb1 Bb5 83. Nd2 Bc4 1/2-1/2

[Event "Early-Titled-Tuesday-Blitz-April-16-2024"]
[Site "Chess.com"]
[Date "2024.04.16"]
[Round "9"]
[White "Orphanator2009"]
[Black "Hercog"]
[Result "1-0"]
[WhiteElo "2525"]
[BlackElo "2157"]
[TimeControl "180+1"]
[EndTime "9:50:43 PDT"]
[Termination "Orphanator2009 won by resignation"]

1. e4 c6 2. Nf3 d5 3. Nc3 Bg4 4. h3 Bxf3 5. Qxf3 e6 6. d3 Nf6 7. a3 d4 8. Nb1 Nbd7 9. g3 e5 10. Bg2 Bd6 11. O-O O-O 12. Qe2 Ne8 13. h4 b5 14. Bh3 c5 15. a4 bxa4 16. Rxa4 Nb6 17.
Ra1 Qc7 18. b3 a5 19. Bd2 a4 20. bxa4 Rxa4 21. Rxa4 Nxa4 22. Na3 Nf6 23. Nc4 Nd7 24. Bxd7 Qxd7 25. Ra1 Bc7 26. Kg2 h6 27. Qe1 Rb8 28. Rb1 Rb5 29. Rxb5 Qxb5 30. Qa1 Kh7 31. Qa2 f6 32. h5 Nb6 33. Nxb6 Qxb6 34. g4 Qb8 35. f3 Qg8 36. Qa7 Bd6 37. Qb6 Qf8 38.
Kf2 Qe7 39. Ke2 Kg8 40. Qb3+ Qf7 41. Qb6 Qc7 42. Qb5 Kf7 43. Kd1 Ke7 44. Qc4 Qc8 45.
Kc1 Qe6 46. Qa6 Qd7 47. Kb2 Qc7 48. Qb5 Qb8 49. Qxb8 Bxb8 50. Kb3 Kd6 51. Kc4 Kc6 52. Ba5 Bd6 53. Bd8 Bf8 54. Ba5 Bd6 55. Bd2 Bf8 56. f4 Bd6 57. f5 Be7 58. Ba5 Bd6 59. Kb3 Kb5 60. Bd2 Bf8 61. c4+ Kc6 62. Ka4 Be7 63. Ka5 Bd8+ 64. Ka6 Bb6 65. g5 fxg5 66. Bxg5 Bc7 67. f6 gxf6 68. Bxf6 Bd6 69. Bg7 Be7 70. Bxh6 Bf6 71. Bf8 Bh8 72. h6 Bf6 73. Bg7 1-0

[Event "Early-Titled-Tuesday-Blitz-April-16-2024"]
[Site "Chess.com"]
[Date "2024.04.16"]
[Round "9"]
[White "Knightmare1014"]
[Black "NikFil2013"]
[Result "1-0"]
[WhiteElo "2319"]
[BlackElo "2408"]
[TimeControl "180+1"]
[EndTime "9:50:45 PDT"]
[Termination "Knightmare1014 won by checkmate"]

1. e4 c5 2. Nf3 d6 3. d4 cxd4 4. Nxd4 Nf6 5. Nc3 a6 6. Be2 e5 7. Nb3 Be7 8. O-O Be6 9. Be3 O-O 10. h3 b5 11. a3 Nc6 12. Qd2 d5 13. exd5 Nxd5 14.
Bf3 Nxe3 15. Qxe3 Qc7 16. Nc5 Bxc5 17. Qxc5 Rac8 18. Bxc6 Kh8 19. Qe3 Qxc6 20. Qxe5 Rfe8 21. Qg3 a5 22. Rfe1 b4 23. axb4 axb4 24. Ne4 Qxc2 25. Nd6 Qxb2 26. Nxe8 Rxe8 27. Qe5 Qxe5 28. Rxe5 b3 29.
Rb5 g6 30. Re1 Rc8 31. Kh2 Rc2 32. Kg3 Rc3+ 33. f3 Rc2 34. Rb7 Kg8 35. Rd1 Kg7 36. Rd6 Kf6 37. Rxb3 Ke5 38. Rbd3 h5 39. Rd2 Rc4 40.
R6d3 Kf6 41. Re2 Rc6 42. Ra3 Rc4 43. Re4 Rc2 44. Ra6 Kf5 45. Kh2 Kf6 46. Rd6 Kg7 47. Rb6 Bf5 48. Rd4 Be6 49. Rbd6 Kf6 50. Rd2 Ke7 51.
Rxc2 Kxd6 52. g4 hxg4 53. hxg4 Ke5 54. Kg3 Kf6 55. Rc6 Kg7 56. Kf4 Kf6 57. g5+ Ke7 58. Ke5 Bd7 59. Rc7 Kd8 60. Ra7 Ke7 61. Rb7 Kd8 62.
Kf6 Be6 63. Rxf7 Bxf7 64. Kxf7 Kd7 65. Kxg6 Ke8 66. Kh7 Kf8 67. g6 Ke7 68. g7 Kf6 69.
g8=Q Kf5 70. Qg6+ Kf4 71. Kh6 Kxf3 72. Qg5 Ke2 73. Qf4 Kd3 74. Qe5 Kc4 75. Qd6 Kc3 76.
Qd5 Kc2 77. Qd4 Kc1 78. Qf2 Kd1 79. Kg5 Kc1 80. Qe2 Kb1 81. Qd2 Ka1 82. Kf4 Kb1 83. Ke4 Ka1 84. Kd3 Kb1 85. Kc3 Ka1 86. Qb2# 1-0

[Event "Early-Titled-Tuesday-Blitz-April-16-2024"]
[Site "Chess.com"]
[Date "2024.04.16"]
[Round "9"]
[White "kekic76"]
[Black "NastyaHn"]
[Result "0-1"]
[WhiteElo "2337"]
[BlackElo "2470"]
[TimeControl "180+1"]
[EndTime "9:50:51 PDT"]
[Termination "NastyaHn won by resignation"]

1. c4 e6 2. Nc3 d5 3. cxd5 exd5 4. d4 Nf6 5. Bf4 c6 6. Nf3 Bd6 7. Bxd6 Qxd6 8. e3 Bf5 9. Bd3 Bxd3 10. Qxd3 O-O 11. O-O Nbd7 12. a3 Rfe8 13. b4 a6 14.
Na4 Ne4 15. Nc5 Rab8 16. Nd2 Nxd2 17. Qxd2 Nb6 18. Rac1 Nc4 19. Qa2 b5 20. Rc3 Ra8 21. Ra1 h5 22. h3 Qc7 23. Qb3 a5 24. Rcc1 a4 25. Qd3 Qd6 26. Qc3 Ra7 27. Nd3 f6 28. Nf4 h4 29. Qd3 Re4 30. Qd1 g5 31. Nd3 Rg7 32. Nc5 Re8 33. Qf3 Qe7 34. Qf5 Qf7 35. Nd3 Qg6 36. Qxg6 Rxg6 37. Nc5 f5 38. Re1 Kf7 39. Kf1 Reg8 40. Ke2 Ke7 41. Nb7 Kd7 42. Na5 Kd6 43. Nxc4+ dxc4 44. Rac1 Kd5 45. f3 g4 46. fxg4 fxg4 47. hxg4 Rxg4 48. Rg1 Rxg2+ 49. Rxg2 Rxg2+ 50. Kf3 Ra2 51. Rc3 h3 52. Rc1 h2 53. Rh1 c3 54. Kg3 Rd2 55. Kf3 c2 56. Rc1 Kc4 57. e4 Kxd4 58. e5 Kxe5 59. Kg3 Rd1 60. Rxc2 h1=Q 61.
Re2+ Kd4 62. Rc2 Qg1+ 63. Kf3 Rf1+ 64. Ke2 Qe3+ 65. Kxf1 Qd3+ 66. Re2 Kc3 67. Kf2 Qxe2+ 68. Kxe2 Kb3 69. Kd3 Kxa3 70. Kc3 c5 71. bxc5 b4+ 72.
Kc4 b3 73. c6 b2 74. c7 b1=Q 75. Kd5 Qc1 76. Kd6 Kb2 77. Kd7 a3 78. c8=Q Qxc8+ 79. Kxc8 a2 80. Kc7 a1=Q 81. Kb7 Qa5 82. Kc6 Kb3 0-1

[Event "Early-Titled-Tuesday-Blitz-April-16-2024"]
[Site "Chess.com"]
[Date "2024.04.16"]
[Round "9"]
[White "Witik"]
[Black "sathvikadiga"]
[Result "0-1"]
[WhiteElo "2703"]
[BlackElo "2603"]
[TimeControl "180+1"]
[EndTime "9:50:52 PDT"]
[Termination "sathvikadiga won on time"]

1. d4 Nf6 2. Nf3 g6 3. g3 Bg7 4.
Bg2 d6 5. O-O O-O 6. b3 Nc6 7. Bb2 e5 8. dxe5 Ng4 9. c4 Ngxe5 10. Nxe5 dxe5 11. Nc3 Be6 12. Bxc6 bxc6 13. Qxd8 Rfxd8 14. Rfd1 e4 15. Na4 Bxb2 16. Nxb2 Bg4 17. Kf1 Kf8 18. Na4 f5 19. Ke1 Ke7 20. Rxd8 Rxd8 21. Rd1 Rf8 22. Nc5 f4 23. Nxe4 h5 24. Nc5 Rf5 25. b4 Re5 26. Rd2 g5 27. Kd1 fxg3 28. fxg3 Rf5 29. Kc2 Rf1 30. e4 h4 31. gxh4 gxh4 32.
e5 h3 33. e6 Bf5+ 34. Kc3 Ke8 35. Kd4 Re1 36. Rf2 Bg4 37. Rf4 Bxe6 38. Nxe6 Rxe6 39.
Rh4 Re2 40. Rxh3 Rxa2 41. Kc5 Rc2 42. Rh7 Kd8 43. h4 Kc8 44. h5 Kb7 45. h6 Rh2 46. Rh8 Rh5+ 47. Kd4 Rh4+ 48. Kc3 Rh3+ 49. Kc2 Rh2+ 50.
Kb3 Rh3+ 51. Ka4 Rh4 52. c5 Rh5 53. Ka5 Rh4 54. Ka4 Rh5 55. Kb3 Rh4 56. Kc3 Ka6 57. Rh7 Kb7 58. Kb3 Kb8 59. Kc3 Kb7 60. Kd3 Rxb4 61.
Rf7 Rh4 62. h7 a5 63. Kc3 a4 64. Kb2 Ka6 65. Rxc7 Kb5 66. Ka3 Kxc5 67. Ra7 Kb5 68.
Rb7+ Ka5 69. Ra7+ Kb5 70. Rb7+ Kc5 71. Ra7 Kd5 72. Rg7 c5 73. Ra7 Kc6 0-1

[Event "Early-Titled-Tuesday-Blitz-April-16-2024"]
[Site "Chess.com"]
[Date "2024.04.16"]
[Round "9"]
[White "Hudijegszid"]
[Black "theoneandonlydaaevik"]
[Result "0-1"]
[WhiteElo "2461"]
[BlackElo "2589"]
[TimeControl "180+1"]
[EndTime "9:51:03 PDT"]
[Termination "theoneandonlydaaevik won by resignation"]

1. e4 c5 2. Nf3 e6 3. d4 cxd4 4. Nxd4 Nf6 5. Nc3 Nc6 6. Nxc6 bxc6 7. e5 Nd5 8. Ne4 Bb7 9. Bd3 Qc7 10. f4 c5 11. O-O c4 12. Be2 Bc5+ 13. Kh1 O-O 14. Nxc5 Qxc5 15. Bf3 Rab8 16. Qe2 f5 17. Bd2 Bc6 18.
b3 c3 19. Bc1 Kh8 20. Qf2 Qxf2 21. Rxf2 a5 22. a3 Rfc8 23. Kg1 Ne7 24. Be2 Be4 25.
Bc4 Nd5 26. Bxd5 Bxd5 27. Be3 Be4 28. Rd1 Bd5 29. Bd4 Be4 30. Be3 Rb7 31. Rd6 Bd5 32. Kf1 Kg8 33. Ke1 Kf7 34. Kd1 Ra8 35. Kc1 Ke8 36. g3 Rb5 37. Bd4 Rc8 38. Re2 a4 39. b4 Rc4 40. Bc5 Kd8 41. Re3 Kc7 42. Ra6 Bb7 43.
Bd6+ Kc8 44. Rxa4 Rd5 45. Ra5 Rdd4 46. Rc5+ Rxc5 47. Bxc5 Rc4 48. Kb1 Bc6 49. Rd3 Bd5 50. Rd4 Kb7 51. Rxc4 Bxc4 52. Bd4 Kc6 53. Bxc3 Bb5 54.
Kb2 Ba4 55. Be1 Kd5 56. Kc3 Ke4 57. Bf2 Kf3 58. Ba7 Kg2 59. Kd3 Kxh2 60. c4 Kxg3 61. b5 h5 62. Kc3 h4 63. Kb4 Bd1 64. c5 Bf3 65. c6 dxc6 66. b6 c5+ 67. Kxc5 h3 68.
a4 h2 69. a5 h1=Q 70. a6 Qc1+ 71. Kd6 Qc6+ 72. Ke7 Qc8 73. Kf7 Qxa6 74. Kxe6 Qb7 75.
Kxf5 Be4+ 76. Ke6 Bd5+ 77. Kd6 Qc6+ 78. Ke7 Qe6+ 79. Kd8 Bb7 80. Bb8 Qc8+ 0-1

[Event "Early-Titled-Tuesday-Blitz-April-16-2024"]
[Site "Chess.com"]
[Date "2024.04.16"]
[Round "9"]
[White "ViktoriyaTarasova"]
[Black "tantaan"]
[Result "1-0"]
[WhiteElo "2378"]
[BlackElo "2491"]
[TimeControl "180+1"]
[EndTime "9:51:09 PDT"]
[Termination "ViktoriyaTarasova won by resignation"]

1. d4 Nf6 2. c4 e6 3. Nc3 Bb4 4. e3 O-O 5. Ne2 c6 6. a3 Ba5 7. Ng3 d5 8. cxd5 exd5 9. Bd3 Re8 10. O-O Bc7 11. b4 Nbd7 12. Rb1 a6 13. a4 Nf8 14. b5 axb5 15. axb5 Qd6 16. bxc6 bxc6 17. Qc2 h5 18. Re1 Ng4 19. f4 Ne6 20. Bd2 g5 21. Nf5 Qd8 22. h3 Nf6 23. Nh6+ Kf8 24. fxg5 Nxg5 25. Rf1 Qd6 26.
Rf4 Qe6 27. Bf5 Qe7 28. Rff1 Qd6 29. Rf4 Qe7 30. Rf2 Kg7 31. Bxc8 Kxh6 32. Bf5 Kg7 33. Rbf1 c5 34. Ne2 c4 35. Nf4 Ra6 36. Qd1 Bxf4 37. Rxf4 Rea8 38. h4 Nge4 39. Bxe4 dxe4 40. Rf5 Re6 41. Qe1 Rg8 42. Qg3+ Kf8 43. Qf4 Rg6 44. Bc3 Qd6 45. Qf2 Ke8 46. d5 Ng4 47. Qd2 Re7 48.
R5f4 Rf6 49. Bxf6 Rd7 50. Bc3 Re7 51. Qd4 Kd8 52. Qh8+ Kd7 53. Qd4 Kd8 54. Qxc4 Nxe3 55. Qa4 Nxf1 56. Rxf1 e3 57. Ba5+ Kc8 58. Rc1+ Kb8 59.
Qb5+ Rb7 60. Qc4 e2 61. Qc8+ Ka7 62. Qc4 Qa6 63. Qd4+ Ka8 64. Rc8+ Rb8 65. Rxb8+ Kxb8 66. Qe5+ Kc8 67. Qe8+ Kb7 68. Qxf7+ Ka8 69. Qe8+ Ka7 70. Qe7+ Ka8 71. Be1 Qd3 72. Qe8+ Kb7 73. Qe7+ Kb6 74. Qe6+ Kb7 75. d6 Qd1 76. Qe7+ Ka6 77. Kf2 Qd4+ 78. Kxe2 Qg4+ 79. Kf2 Qf4+ 80. Kg1 Qd4+ 81.
Bf2 Qd1+ 82. Kh2 Qg4 83. Qe3 Qd7 84. Qd3+ Kb7 85. Bg3 Kc6 86. Qc4+ Kb7 87. Qc7+ Qxc7 88. dxc7 Kc8 89. Kg1 Kd7 90. Kf2 Kc8 91. Ke3 Kd7 92. Ke4 1-0

[Event "Early-Titled-Tuesday-Blitz-April-16-2024"]
[Site "Chess.com"]
[Date "2024.04.16"]
[Round "9"]
[White "ExchangeAB"]
[Black "MdSharifHossain"]
[Result "0-1"]
[WhiteElo "2400"]
[BlackElo "2296"]
[TimeControl "180+1"]
[EndTime "9:51:20 PDT"]
[Termination "MdSharifHossain won by resignation"]

1. d4 d5 2. Nf3 e6 3. e3 c5 4.
Nbd2 cxd4 5. exd4 Nf6 6. Bd3 Bd6 7. c3 O-O 8. O-O Nbd7 9. Re1 a6 10. a4 b6 11. Nf1 Bb7 12. Ng3 h6 13. Ne5 Rc8 14. Nxd7 Qxd7 15. Qe2 Bxg3 16. hxg3 Ne4 17. Bxa6 Bxa6 18.
Qxa6 Ra8 19. Qd3 Rxa4 20. Rb1 Rc4 21. g4 Qe7 22. f3 Nd6 23. Bf4 Rfc8 24. Rbc1 Ra4 25.
Rc2 Ra2 26. Rce2 Nc4 27. b3 Rxe2 28. Rxe2 Na5 29. Qb5 Rxc3 30. Qxb6 Nxb3 31. Bd6 Qh4 32. Qb8+ Kh7 33. Bg3 Rc1+ 34. Kf2 Qh1 35. Be5 Nxd4 36. Bxd4 Qg1+ 37. Kg3 Qxd4 38. Qe8 Qf6 39. Qa4 Rc4 40. Qc2+ Qg6 41. Qxg6+ Kxg6 42. Ra2 Kf6 43. Ra7 g5 44. Rd7 Kg6 45. Rd8 Kg7 46. Rd7 Rc3 47. Rd8 Rd3 48.
Kf2 e5 49. Ke2 e4 50. fxe4 dxe4 51. Re8 Rg3 52. Rxe4 Rxg2+ 53. Kf3 Ra2 54. Rb4 Ra5 55. Kg2 Kg6 56. Rb6+ f6 57. Rc6 Ra4 58. Kg3 Rf4 59.
Rb6 h5 60. gxh5+ Kxh5 61. Rb8 Kg6 62. Rg8+ Kf5 63. Ra8 Re4 64. Ra5+ Re5 65. Ra3 g4 66. Ra4 Re3+ 67. Kg2 Kg5 68. Rb4 f5 69. Ra4 f4 70.
Ra8 Re2+ 71. Kf1 Rb2 72. Rh8 g3 73. Rh7 Kg4 74. Rb7 f3 75. Rxb2 Kh3 76. Kg1 Kg4 77.
Kf1 Kh3 78. Ra2 Kg4 79. Ra4+ Kh3 80. Ra2 f2 81. Ra3 Kh2 82. Ra8 g2+ 83. Kxf2 g1=Q+ 84. Ke2 Qg2+ 85. Kd3 Qxa8 0-1

[Event "Early-Titled-Tuesday-Blitz-April-16-2024"]
[Site "Chess.com"]
[Date "2024.04.16"]
[Round "9"]
[White "wonderfultime"]
[Black "nihalsarin"]
[Result "1-0"]
[WhiteElo "3007"]
[BlackElo "3154"]
[TimeControl "180+1"]
[EndTime "9:51:24 PDT"]
[Termination "wonderfultime won by resignation"]

1. d4 Nf6 2. Nf3 d5 3. Bf4 c5 4. c3 Nc6 5. e3 cxd4 6. cxd4 a6 7.
Ne5 Bd7 8. Nc3 e6 9. Bd3 Rc8 10. Rc1 Be7 11. O-O O-O 12. a3 Be8 13. Qf3 Nxe5 14.
Bxe5 Bc6 15. Rc2 Nd7 16. Bf4 f5 17. h3 Kh8 18. Ne2 Nf6 19. Rfc1 Qd7 20. Be5 Ne4 21. Nf4 Bf6 22. Bxf6 gxf6 23. Qh5 Kg8 24. Bxe4 fxe4 25. Qg4+ Kf7 26. f3 exf3 27. Qxf3 Ke7 28. Qh5 Rf7 29. Rf2 Qd6 30. Qh4 Rcf8 31. Nd3 Kd7 32. Rcf1 Qe7 33. Qh5 Kc7 34. Qh4 Kd8 35. Nf4 Kd7 36. Rc1 f5 37.
Qg3 Rg7 38. Qh2 Qd6 39. Nd3 Qxh2+ 40. Kxh2 Kd6 41. Nf4 e5 42. Nd3 exd4 43. exd4 Re8 44. Ne5 Rf8 45. g4 f4 46. Rcf1 Bb5 47. Rxf4 Rxf4 48.
Rxf4 Ke6 49. Kg3 Rc7 50. g5 Rc1 51. Rf6+ Ke7 52. Rf7+ Ke6 53. Rxh7 Kf5 54. g6 Rg1+ 55. Kh4 Ke4 56. g7 Be2 57. Ng4 Bxg4 58. hxg4 Kf4 59. Kh5 Rxg4 60. Kh6 Kf5 61. Kh5 Rg1 62. Kh4 b5 63. Kh3 Kf6 64. Rh5 Rxg7 65. Rxd5 Rg1 66. Rd6+ Kf5 67. Rxa6 Ke4 68. Rb6 Kxd4 69. Rxb5 Kc4 70.
Rb4+ Kc5 71. Kh2 Rg8 72. Kh3 Rg1 73. Rb8 Kc4 74. a4 Kc5 75. a5 Kc6 76. b4 Kc7 77. Rb6 Rg8 78. Rb5 Rg1 79. Kh4 Rg2 80. a6 Ra2 81. Rb7+ Kc6 82. b5+ Kc5 83. Kg5 Kd6 84.
a7 Kc5 85. b6 Kc6 86. Rb8 1-0